 Dungeon Sprint DCSS version 0.19.0-11-g3fc08b3 (webtiles) character file.

331 equalderp2856 the Gouger (level 6, -4/33 HPs)
             Began as a Felid Fighter on Nov 8, 2016.
             Killed from afar by a balrug (15 damage)
             ... with a fireball
             ... in the Dungeon (Sprint VII: "The Pits").
             The game lasted 00:07:52 (1914 turns).

equalderp2856 the Gouger (Felid Fighter)            Turns: 1914, Time: 00:07:53

Health: -4/33      AC:  8    Str: 14    XL:     6   Next: 26%
Magic:  7/7        EV: 27    Int:  9    God:
Gold:   0          SH:  0    Dex: 16    Spells: 0 memorised, 5 levels left
                                        Lives:  0   Deaths: 2

rFire  . . .     SeeInvis +       - Unarmed
rCold  . . .     Gourm    .     (armour unavailable)
rNeg   . . .     Faith    .     (shield unavailable)
rPois  .         Spirit   .     (helmet unavailable)
rElec  .         Reflect  .     (cloak unavailable)
rCorr  .         Harm     .     (gloves unavailable)
MR     .....     NoTele   +     (boots unavailable)
Stlth  +++.......               (no amulet)
                                n - +3 ring of protection
                                m - +3 ring of protection

@: slowed, slow
A: no armour, no weapons or thrown items, stealth, claws 1, fangs 3, see
invisible, carnivore 3, speed 1, shaggy fur 2, slow metabolism 1, sharp paws
a: no special abilities


You were in the Dungeon.
You were not hungry.

You visited 1 branch

Inventory:

Jewellery
 m - a +3 ring of protection (left paw)
 n - a +3 ring of protection (right paw)
Scrolls
 j - 3 scrolls of remove curse
 k - 5 scrolls of amnesia
 l - a scroll of summoning
Potions
 a - a potion of might
 c - 10 potions of curing
 d - 4 potions of heal wounds
 e - 2 potions of haste
 f - 4 potions of magic
 g - 3 potions of berserk rage
 i - 2 potions of invisibility
Comestibles
 b - 8 meat rations


   Skills:
 + Level 8.1 Fighting
 + Level 10.9 Dodging
 + Level 3.9 Stealth
 + Level 14.4 Unarmed Combat


You had 5 spell levels left.
You didn't know any spells.

Dungeon Overview and Level Annotations

Branches:
Dungeon (1/1)

Altars:
Ashenzari
Cheibriados
Dithmenos
Elyvilon
Fedhas
Gozag
Hepliaklqana
Kikubaaqudgha
Makhleb
Nemelex Xobeh
Okawaru
Qazlal
Ru
Sif Muna
Trog
Uskayaw
Vehumet
Xom
Yredelemnul
Zin
The Shining One
Beogh
Jiyva
Lugonu


Innate Abilities, Weirdness & Mutations

You cannot wear armour.
You are incapable of wielding weapons or throwing items.
Your paws allow you to move quietly. (Stealth)
You have sharp claws.
You have razor-sharp teeth.
You have supernaturally acute eyesight. (SInv)
You are carnivorous and can eat meat at any time.
You cover ground quickly.
You are covered in thick fur. (AC +2)
You have a slow metabolism.
Your sharp claws are effective at attacking unaware monsters.


Message History

A balrug and an Ice Fiend come into view.
The balrug is wielding a vampiric demon whip.
The death cob closely misses you.
There is a large open door here.
The death cob hits you! The death cob drains your vigour!
You feel yourself slow down.
The deep elf mage casts a spell.
The deep elf mage blinks!
The death cob closely misses you. The death cob completely misses you.
The death cob completely misses you. The death cob barely misses you.
A tentacled monstrosity comes into view.
The balrug shouts!
The Ice Fiend roars!
The death cob hits you but does no damage.
The naga sharpshooter shoots a bolt.
The bolt hits you. The death cob barely misses you.
You see here a bolt.
The death cob barely misses you. The balrug gestures at you.
The fireball explodes!
The fireball engulfs you!
You die...

###++##### ######
.........# .....
.........# ....
.#....#..##++#++#..#
.........##........#
.........##....z@.1#
.#....#..##..#.(#..#
.........##......2.#
.........##........#
.#....#..##''#++#X.#
....C....C'..# .....
.........('..# .....
#++####'N#####
###### #'ยง#


You could see a tentacled monstrosity, a frost giant, an Ice Fiend, a death cob
and a balrug.

Vanquished Creatures
  A troll (D)
  A fire bat (D)
  A steam dragon (D)
  A warg (D)
  A water moccasin (D)
  A floating eye (D)
  A centaur (D)
  An ogre (D)
  Blork the orc (D)
  A scorpion (D)
  A quasit (D)
  A gnoll shaman (D)
  A worker ant (D)
  2 mummies (D)
  5 gnolls (D)
  2 river rats (D)
  An ooze (D)
  A bat skeleton (D)
  A giant cockroach (D)
  A hobgoblin (D)
  A ball python (D)
  A frilled lizard (D)
  A rat (D)
29 creatures vanquished.

Vanquished Creatures (others)
  An adder zombie (D)
1 creature vanquished.

Grand Total: 30 creatures vanquished

Notes
Turn   | Place    | Note
-------+----------+-------------------------------------------
     0 | D        | equalderp2856 the Felid Fighter began the quest for the Orb.
     0 | D        | Reached XP level 1. HP: 10/10 MP: 2/2
    11 | D        | Noticed a worker ant
    17 | D        | Killed a worker ant
    17 | D        | Reached skill level 5 in Unarmed Combat
    17 | D        | Reached XP level 2. HP: 15/15 MP: 3/3
    23 | D        | Noticed a floating eye
    25 | D        | Paralysed by a floating eye for 2 turns
    30 | D        | Killed a floating eye
    30 | D        | Reached skill level 5 in Fighting
    30 | D        | Reached skill level 8 in Unarmed Combat
    30 | D        | Reached XP level 3. HP: 19/19 MP: 4/4
    30 | D        | Reached XP level 4. HP: 23/23 MP: 5/5
    68 | D        | Reached skill level 9 in Unarmed Combat
    68 | D        | Reached XP level 5. HP: 10/27 MP: 6/6
   304 | D        | Found a radiant altar of Vehumet.
   304 | D        | Found a hide-covered altar of Uskayaw.
   304 | D        | Found an ancient bone altar of Kikubaaqudgha.
   304 | D        | Found a viscous altar of Jiyva.
   304 | D        | Found a hazy altar of Hepliaklqana.
   305 | D        | Found a bloodstained altar of Trog.
   305 | D        | Found a deep blue altar of Sif Muna.
   305 | D        | Found a sacrificial altar of Ru.
   305 | D        | Found a stormy altar of Qazlal.
   305 | D        | Found an iron altar of Okawaru.
   305 | D        | Found a sparkling altar of Nemelex Xobeh.
   305 | D        | Found an opulent altar of Gozag.
   305 | D        | Found a blossoming altar of Fedhas.
   305 | D        | Found a white marble altar of Elyvilon.
   305 | D        | Found a shadowy altar of Dithmenos.
   305 | D        | Found a snail-covered altar of Cheibriados.
   306 | D        | Found a glowing golden altar of the Shining One.
   306 | D        | Found a glowing silver altar of Zin.
   334 | D        | Noticed an ogre
   351 | D        | Killed an ogre
   351 | D        | Reached skill level 10 in Unarmed Combat
   565 | D        | Noticed a centaur
   566 | D        | Noticed a warg
   596 | D        | Killed a centaur
   596 | D        | Reached skill level 11 in Unarmed Combat
   596 | D        | Gained mutation: You are covered in thick fur. (AC +2) [Felid growth]
   596 | D        | Reached XP level 6. HP: 27/31 MP: 7/7
   700 | D        | Killed a warg
   700 | D        | Reached skill level 1 in Stealth
   751 | D        | Noticed Blork the orc
   770 | D        | Killed Blork the orc
   770 | D        | Reached skill level 12 in Unarmed Combat
   770 | D        | Reached XP level 7. HP: 26/36 MP: 8/8
   877 | D        | Noticed a troll
   882 | D        | HP: 1/36 [troll (4)]
   885 | D        | Killed a troll
   885 | D        | Reached skill level 10 in Dodging
   885 | D        | Reached skill level 13 in Unarmed Combat
   888 | D        | Noticed a fire bat
   929 | D        | Killed a fire bat
   929 | D        | Reached XP level 8. HP: 18/40 MP: 9/9
   937 | D        | HP: 1/40 [mummy (18)]
  1328 | D        | Reached skill level 14 in Unarmed Combat
  1729 | D        | Found a roughly hewn altar of Beogh.
  1729 | D        | Found a burning altar of Makhleb.
  1729 | D        | Found a basalt altar of Yredelemnul.
  1730 | D        | Found a shattered altar of Ashenzari.
  1730 | D        | Found a corrupted altar of Lugonu.
  1730 | D        | Found a shimmering altar of Xom.
  1861 | D        | Noticed a merfolk aquamancer
  1861 | D        | Noticed a merfolk
  1861 | D        | Noticed a merfolk
  1861 | D        | Noticed a deep elf annihilator
  1864 | D        | Noticed a frost giant
  1868 | D        | Noticed a death cob
  1870 | D        | Noticed a death yak
  1879 | D        | HP: 2/40 [death cob (1)]
  1882 | D        | Slain by a death cob
  1883 | D        | Reached XP level 7. HP: -1/37 MP: 8/8
  1892 | D        | Noticed a redback
  1892 | D        | Noticed a wandering mushroom
  1901 | D        | Slain by a death cob
  1902 | D        | Reached XP level 6. HP: 0/33 MP: 7/7
  1903 | D        | Noticed a deep elf mage
  1903 | D        | Noticed a naga sharpshooter
  1903 | D        | Noticed a naga sharpshooter
  1903 | D        | Noticed a salamander
  1907 | D        | Noticed a naga mage
  1909 | D        | Noticed an Ice Fiend
  1909 | D        | Noticed a balrug
  1913 | D        | Noticed a tentacled monstrosity
  1914 | D        | Killed from afar by a balrug

Skill      XL: |  1  2  3  4  5  6  7  8 |
---------------+-------------------------+-----
Unarmed Combat | 5 8 9 11 12 13 14 | 14.4
Fighting       | 5 6 7 8 |  8.1
Dodging        | 6 7 8 9 10 | 10.9
Stealth        | 1 2 3 |  3.9

Action                   |  1- 3 |  4- 6 |  7- 9 || total
-------------------------+-------+-------+-------++-------
Melee: Unarmed           |    10 |    45 |    58 ||   113
       Bite              |     2 |     4 |     5 ||    11
       Punch             |       |     4 |     2 ||     6
  Use: Potion            |       |       |     8 ||     8
       Scroll            |       |       |     1 ||     1
 Stab: Sleeping          |       |       |     1 ||     1
  Eat: Chunk             |       |     1 |       ||     1
Armor: Skin              |       |     1 |     3 ||     4
Dodge: Dodged            |     5 |    45 |    65 ||   115
